AoeStats
← Алгоритм выполне

Arena

509929946Analyzed
2v2 RM · 4d ago on Sep 28, 2026· 56m 25s· 4 players
Game mode
Random Map
Map size
Medium (4 player)
Population
200
Speed
Normal
Resources
Standard
Victory
Conquest
Starting age
Dark Age
Ending age
Imperial Age
RankedLock teamsTeams togetherTeam positionsShared explorationLock speedFull tech treeHidden civsTurbo modeCheats
Victory
Defeat
🇫🇷 Bohemians · France
1128
+17
1114
+18
🇦🇷 Huns · Argentina
1157
-18
🇦🇷 Berbers · Argentina
1155
-17
AeylisAppe
7:45 Loom
11:45 Feudal Age
15:58 Castle Age
14:51 Double-Bit Axe
15:06 Horse Collar
17:52 Bow Saw
22:55 Wheelbarrow
28:52 Imperial Age
27:29 Hand Cart
27:30 Forging
27:21 Scale Mail Armor
27:45 Town Watch
27:47 Pikeman
28:28 Squires
29:09 Iron Casting
29:30 Halberdier
29:48 Halberdier
32:30 Blast Furnace
31:45 Chain Mail Armor
32:55 Fletching
33:05 Padded Archer Armor
32:29 Elite Skirmisher
36:29 Plate Mail Armor
35:55 Bodkin Arrow
36:15 Leather Archer Armor
36:58 Conscription
37:01 Arson
38:01 Arson
38:20 Bracer
43:24 Ballistics
44:04 Chemistry
45:35 Ring Archer Armor
48:28 Bombard Tower
48:53 Masonry
49:14 Fortified Wall
Алгоритм выполне
6:50 Loom
7:29 Loom
9:40 Feudal Age
10:35 Double-Bit Axe
11:58 Horse Collar
22:50 Castle Age
20:37 Town Watch
21:09 Bloodlines
21:47 Wheelbarrow
21:12 Gold Mining
21:24 Stone Mining
23:12 Scale Barding Armor
24:19 Chain Barding Armor
23:24 Light Cavalry
24:17 Bow Saw
27:05 Heavy Plow
27:42 Gold Shaft Mining
29:17 Hand Cart
28:46 Pikeman
32:24 Imperial Age
29:56 Town Patrol
30:21 Murder Holes
30:36 Masonry
30:52 Chain Barding Armor
32:28 Cavalier
33:51 Plate Barding Armor
34:17 Paladin
37:49 Chemistry
38:43 Hoardings
38:30 Conscription
38:15 Cuman Mercenaries
38:37 Forging
38:27 Scale Mail Armor
39:54 Hussar
39:55 Elite Steppe Lancer
42:07 Two-Man Saw
41:41 Crop Rotation
41:38 Sanctity
41:29 Fervor
41:50 Ballistics
41:20 Heated Shot
41:47 Caravan
43:35 Guilds
44:04 Atonement
44:00 Herbal Medicine
43:58 Fletching
44:08 Padded Archer Armor
43:34 Man-at-Arms
44:15 Squires
44:00 Arson
43:36 Halberdier
44:53 Elite Skirmisher
45:38 Thumb Ring
46:00 Parthian Tactics
44:56 Crossbowman
46:44 Long Swordsman
48:00 Coinage
46:56 Heavy Cavalry Archer
47:03 Capped Ram
47:04 Onager
47:52 Elite Kipchak
49:17 Bodkin Arrow
49:38 Leather Archer Armor
49:58 Iron Casting
49:39 Chain Mail Armor
48:59 Siege Ram
51:07 Siege Onager
54:38 Blast Furnace
54:09 Plate Mail Armor
56:13 Banking
56:15 Plate Mail Armor
56:16 Ring Archer Armor
55:43 Two-Handed Swordsman
56:18 Sappers
56:51 Steppe Husbandry
eze402
12:46 Feudal Age
15:04 Double-Bit Axe
15:01 Horse Collar
17:25 Castle Age
15:13 Loom
16:13 Wheelbarrow
17:39 Bloodlines
18:41 Bow Saw
18:50 Heavy Plow
27:05 Forging
27:00 Scale Barding Armor
26:58 Marauders
27:29 Town Watch
29:07 Gold Mining
29:07 Stone Mining
30:11 Hand Cart
30:47 Gold Shaft Mining
31:10 Chain Barding Armor
31:26 Iron Casting
31:43 Iron Casting
31:56 Husbandry
35:30 Imperial Age
32:35 Light Cavalry
33:09 Fletching
35:50 Bodkin Arrow
36:00 Elite Tarkan
37:02 Conscription
36:34 Hussar
38:08 Ballistics
37:59 Bracer
39:02 Blast Furnace
39:14 Plate Barding Armor
38:43 Bracer
PlasticMind
9:22 Loom
11:36 Feudal Age
16:08 Castle Age
14:43 Double-Bit Axe
14:56 Gold Mining
21:04 Horse Collar
25:25 Imperial Age
24:48 Wheelbarrow
24:40 Bow Saw
26:12 Forging
28:15 Conscription
28:15 Fletching
28:26 Padded Archer Armor
29:53 Chemistry
30:01 Scale Barding Armor
30:44 Bodkin Arrow
31:17 Thumb Ring
34:13 Bracer
34:28 Leather Archer Armor
36:40 Husbandry
36:42 Town Watch
36:42 Pikeman
37:23 Squires
38:49 Iron Casting
38:20 Scale Barding Armor
38:51 Scale Barding Armor
39:56 Bloodlines
41:39 Hand Cart
41:26 Heavy Camel Rider
43:05 Elite Genitour
44:34 Maghrebi Camels
45:31 Gold Shaft Mining
47:51 Chain Barding Armor
48:31 Blast Furnace
48:03 Ring Archer Armor
50:25 Ballistics
50:17 Masonry
50:03 Murder Holes
55:34 Plate Barding Armor
Connection lost

Rejoining the realm…

Still unreachable

The connection could not be restored.

Session expired

The server has moved on; the page needs a fresh start.